 Dungeon Crawl Stone Soup version 0.31-a0-851-g7ff8af7976 (webtiles) character file.

Game seed: 6660961498655099721

46 Kurtz the Sneak (level 3, -1/29 HPs)
             Began as a Mummy Delver on Oct 6, 2023.
             Killed from afar by an orc wizard (6 damage)
             ... with a puff of flame
             ... on level 3 of the Dungeon.
             The game lasted 00:00:56 (804 turns).

Kurtz the Sneak (Mummy Delver)                       Turns: 804, Time: 00:00:56

Health: -1/29      AC:  9    Str: 15    XL:     3   Next: 44%
Magic:  3/3        EV:  7    Int:  9    God:
Gold:   42         SH:  0    Dex: 15    Spells: 2/2 levels left

rFire   x . .        a - +0 hand axe
rCold   + . .        (no shield)
rNeg    + + +        g - +0 chain mail
rPois   ∞            (no helmet)
rElec   .            i - +0 cloak
rCorr   .            (no gloves)
SInv    .            (no boots)
Will    .....        (no amulet) Stlth
                     (no ring)
HPRegen 0.24/turn    (no ring)
MPRegen 0.08/turn

%: faith
@: no status effects
A: cold resistance 1, negative energy resistance 3, torment resistance 2, heat
vulnerability 1, in touch with death 1, no potions, faith
a: no special abilities


You were on level 3 of the Dungeon.
You visited 1 branch of the dungeon, and saw 3 of its levels.

You collected 42 gold pieces.

Inventory:

Hand Weapons
 a - a +0 hand axe (weapon)
Missiles
 h - 5 poisoned darts
Armour
 b - a +0 leather armour
 g - a +0 chain mail (worn)
 i - a +0 cloak (worn)
Wands
 f - a wand of digging (3)
Scrolls
 c - a scroll of fog
 d - a scroll of revelation
 e - a scroll of fear
 j - a scroll of silence {unknown}
 k - a scroll of blinking {unknown}
 l - a scroll of amnesia {unknown}


   Skills:
 - Level 3.0 Fighting
 * Level 3.2 Axes
 - Level 1.5 Dodging
 - Level 4.1 Stealth


You had 2 spell levels left.
You didn't know any spells.
Your spell library contained the following spells:

 Spells                   Type           Power      Damage    Failure   Level
 Tukima's Dance           Hex            0%         N/A       100%        3
 Passage of Golubria      Tloc           0%         N/A       100%        4
 Yara's Violent Unravell  Hex/Tmut       0%         3d3       100%        5


Dungeon Overview and Level Annotations

Branches:
Dungeon (5/15)
 Temple: D:4-7

Altars:
Wu Jian


Innate Abilities, Weirdness & Mutations

You are immune to poison.
Your flesh is cold resistant. (rC+)
You are immune to negative energy. (rN+++)
You are immune to unholy pain and torment.
You are vulnerable to heat. (rF-)
You are in touch with the powers of death.
You do not drink.
You have a special connection with the divine. (Faith)


Message History

You are too injured to fight recklessly!
You bump into the rock wall.
Something hits you but does no damage.
You are too injured to fight recklessly!
You bump into the rock wall.
Something hits you but does no damage.
You're too confused to move!
Something hits you.
You bump into the rock wall.
Something hits you.
* * * LOW HITPOINT WARNING * * *
You bump into the rock wall.
Something hits you.
* * * LOW HITPOINT WARNING * * *
You miss something. Something hits you but does no damage.
You completely miss something.
You feel less confused. Something hits you.
* * * LOW HITPOINT WARNING * * *
You barely miss something.
You hear some strange, mumbled words.
You are confused.
You're too confused to move!
Something hits you but does no damage.
You hit something but do no damage.
Something hits you but does no damage. x2
You bump into the rock wall.
Something hits you but does no damage.
You bump into the rock wall.
Something hits you but does no damage.
You bump into the rock wall.
You feel less confused. Something hits you but does no damage.
You barely miss something. Something hits you but does no damage.
You hit something. Something hits you but does no damage.
You miss something. Your punch misses something.
An orc wizard appears from thin air!
Reactivating autopickup.
The orc wizard completely misses you.
You miss the orc wizard.
The orc wizard is severely wounded.
The orc wizard gestures wildly while chanting.
The orc wizard flickers and vanishes!
Deactivating autopickup; reactivate with Ctrl-A.
You hit something.
You hear some strange, mumbled words.
A puff of flame appears from out of thin air!
The puff of flame hits you. The fire burns you terribly!
You die...

#.##.# #.# #.##.##########.# .#
#.##............# .#
#.#######.......############.# #
#.# #####....................#.#
#.# #............#####.........#
#.# #..).........# #..........
##.###.........########.........#
#....'..>.......@{go.........o...
######.........###############o.#
#.........## # #..........#
#..........# #..........#
##..........# #...###.....#
#####...###.....#


You could see an orc and a hobgoblin.

Vanquished Creatures
  3 adders
  5 orcs
  A ball python (D:4)
  A hobgoblin (D:4)
  2 goblins
  2 kobolds (D:4)
14 creatures vanquished.

Notes
Turn   | Place    | Note
-------+----------+-------------------------------------------
     0 | D:5      | Kurtz the Mummy Delver began the quest for the Orb.
     0 | D:5      | Reached XP level 1. HP: 18/18 MP: 1/1
    21 | D:5      | Noticed an ogre
    74 | D:4      | Reached XP level 2. HP: 22/24 MP: 2/2
   183 | D:4      | Found an ornate altar of the Wu Jian Council.
   340 | D:4      | Reached XP level 3. HP: 2/29 MP: 3/3
   804 | D:3      | Killed from afar by an orc wizard

Illustrated notes

Levels and vault maps discovered:
D:3:      layout_basic
D:4:      minmay_chambers_of_threes, layout_loops_cross,
          nzn_wu_jian_contemplation
D:5:      layout_rooms, temple_fountains

Skill      XL: |  1  2  3 |
---------------+----------+-----
Axes           | 2 3 |  3.2
Fighting       | |  3.0
Dodging        | |  1.5
Stealth        | |  4.1

Action                     || total
---------------------------++-------
  Melee: Hand axe          ||   112
 Armour: Chain mail        ||   114
  Dodge: Dodged            ||    37

Table legend: (Time is in decaauts)
 A = Elapsed time spent in this place.
 B = Non-inter-level travel time spent in this place.
 C = Inter-level travel time spent in this place.
 D = Time resting spent in this place.
 E = Time spent auto-exploring this place.
 F = Levels seen in this place.
 G = Mean time per level.
                   A        B        C        D        E       F      G
               +--------+--------+--------+--------+--------+-----+--------+
         Total |    821 |    814 |      7 |    109 |    438 |   3 |  273.7 |
       Dungeon |    821 |    814 |      7 |    109 |    438 |   3 |  273.7 |
               +--------+--------+--------+--------+--------+-----+--------+

Top non-repeatable levels by time:
     D:4: 570 daAuts
     D:3: 225 daAuts
     D:5: 26 daAuts
